 Dungeon Crawl Stone Soup version 0.23.2-40-g277498a001 (webtiles) character file.

Game seed: 17299943788254954940

72 Exodus22XD the Magician (level 4, 24/24 HPs)
             Began as a Deep Elf Wizard on Sept 20, 2019.
             Quit the game on level 3 of the Dungeon.
             The game lasted 00:03:44 (1342 turns).

Exodus22XD the Magician (Deep Elf Wizard)           Turns: 1342, Time: 00:03:44

Health: 24/24      AC:  3    Str:  4    XL:     4   Next: 7%
Magic:  6/12       EV: 13    Int: 24    God:
Gold:   47         SH:  0    Dex: 13    Spells: 1/11 levels left

rFire    . . .     SeeInvis .   g - +0 dagger
rCold    . . .     Gourm    .   (no shield)
rNeg     . . .     Faith    .   a - +0 robe
rPois    .         Spirit   .   b - +0 hat
rElec    .         Reflect  .   (no cloak)
rCorr    .         Harm     .   k - +0 pair of gloves
MR       .....                  (no boots)
Stlth    ++........             (no amulet)
HPRegen  0.08/turn              (no ring)
MPRegen  0.13/turn              (no ring)

@: no status effects
A: no striking features
a: no special abilities


You were on level 3 of the Dungeon.
You were not hungry.

You visited 1 branch of the dungeon, and saw 3 of its levels.

You collected 47 gold pieces.

Inventory:

Hand Weapons
 g - a +0 dagger (weapon)
Armour
 a - a +0 robe (worn)
 b - a +0 hat (worn)
 k - a +0 pair of gloves (worn)
Scrolls
 f - a scroll of amnesia {unknown}
 h - a scroll of identify {unknown}
 j - 2 scrolls of teleportation {unknown}
 m - a scroll of enchant armour {unknown}
Potions
 e - a potion of might {unknown}
 i - a potion of heal wounds {unknown}
 l - a potion of lignification {unknown}
Comestibles
 c - 4 chunks of flesh
 d - 4 rations


   Skills:
 - Level 2.4 Dodging
 - Level 2.4 Stealth
 - Level 4.4 Spellcasting
 * Level 4.4 Conjurations
 + Level 1.1 Summonings
 + Level 1.1 Translocations


You had one spell level left.
You knew the following spells:

 Your Spells              Type           Power        Failure   Level  Hunger
a - Magic Dart            Conj           ####         1%          1    None
b - Call Imp              Summ           ##......     9%          2    None
c - Blink                 Tloc           N/A          9%          2    None
d - Slow                  Hex            #.......     14%         2    None
e - Mephitic Cloud        Conj/Pois/Air  ##......     16%         3    ##.....

Your spell library contained the following spells:

 Spells                   Type           Power        Failure   Level  Hunger
 Conjure Flame            Conj/Fire      ###.....     12%         3    ##.....


Dungeon Overview and Level Annotations

Branches:
Dungeon (3/15)

Altars:


Message History

Memorise Mephitic Cloud, consuming 3 spell levels and leaving 1?
You start memorising the spell.
You continue memorising. x3
You finish memorising.
Spell assigned to 'e'.
Okay, then.
You enter the shallow water.
Moving in this stuff is going to be slow.
You see here an adder corpse.
You butcher the adder corpse.
You hear a splash.
c - 3 chunks of flesh (gained 1)
You see here an adder skeleton.
Found 12 poisoned needles.
HP restored.
You see here a leopard gecko corpse.
You butcher the leopard gecko corpse.
You hear the brisk rusting of a distant drain.
c - 4 chunks of flesh (gained 1)
You see here a leopard gecko skeleton.
Unknown command.
Are you sure you want to abandon this character and quit the game? (Confirm with "yes".)

............# #.#..#
............#### #.#<.
........... #...# #.#.##
..........# #...###.#...
..(.......# #...#.......
..........#+#...#.......
#............#.......
#####...@...........÷....
##.......................#
.........................#
.........................#
.≈.≈.....................#
..≈..≈........÷..........#
≈≈≈≈≈≈≈÷.................#
≈≈≈≈≈≈≈..................#
≈≈≈≈≈≈≈.#######..........#


There were no monsters in sight!

Vanquished Creatures
  2 gnolls (D:1)
  An adder (D:3)
  A worm (D:3)
  2 dart slugs (D:1)
  3 leopard geckos
  4 bats
  3 giant cockroaches
  2 goblins
  3 hobgoblins
  3 frilled lizards
  4 kobolds (D:1)
  5 rats (D:1)
33 creatures vanquished.

Notes
Turn   | Place    | Note
-------+----------+-------------------------------------------
     0 | D:1      | Exodus22XD the Deep Elf Wizard began the quest for the Orb.
     0 | D:1      | Reached XP level 1. HP: 10/10 MP: 7/7
   166 | D:1      | Reached XP level 2. HP: 15/15 MP: 7/9
   831 | D:1      | Reached XP level 3. HP: 12/19 MP: 4/10
  1310 | D:3      | Found a faded altar of an unknown god.
  1316 | D:3      | Reached XP level 4. HP: 22/24 MP: 3/12
  1320 | D:3      | Learned a level 2 spell: Call Imp
  1323 | D:3      | Learned a level 2 spell: Blink
  1326 | D:3      | Learned a level 2 spell: Slow
  1330 | D:3      | Learned a level 3 spell: Mephitic Cloud
  1342 | D:3      | Quit the game

Skill      XL: |  1  2  3 |
---------------+----------+-----
Conjurations   | 2 3 4 |  4.4
Dodging        | |  2.4
Stealth        | |  2.4
Spellcasting   | |  4.4
Summonings     | |  1.1
Translocations | |  1.1

Action                   |  1- 3 |  4- 6 || total
-------------------------+-------+-------++-------
 Cast: Magic Dart        |    80 |     1 ||    81
  Eat: Chunk             |     1 |       ||     1
Armor: Robe              |     2 |       ||     2
Dodge: Dodged            |    17 |       ||    17
